 Dungeon Crawl Stone Soup version 0.22-a0-612-gd2f0174 (webtiles) character file.

1 Supahsalami the Skirmisher (level 1, -8/16 HPs)
             Began as a Demonspawn Abyssal Knight on July 11, 2018.
             Was a Follower of Lugonu.
             Mangled by a gnoll
             ... wielding a +0 whip
              (10 damage)
             ... on level 1 of the Dungeon.
             The game lasted 00:01:03 (312 turns).

Supahsalami the Skirmisher (DsAK)                    Turns: 312, Time: 00:01:04

Health: -8/16      AC:  3    Str: 12    XL:     1   Next: 16%
Magic:  2/2        EV: 11    Int: 13    God:    Lugonu [*.....]
Gold:   0          SH:  0    Dex: 12    Spells: 0/0 levels left

rFire    . . .     SeeInvis .   a - +1 hand axe
rCold    . . .     Gourm    .   (no shield)
rNeg     . . .     Faith    .   b - +0 leather armour
rPois    .         Spirit   .   (no helmet)
rElec    .         Reflect  .   (no cloak)
rCorr    .         Harm     .   (no gloves)
MR       .....                  (no boots)
Stlth    +.........             (no amulet)
HPRegen  0.05/turn              (no ring)
MPRegen  0.08/turn              (no ring)

@: no status effects
A: frail 1
a: Depart the Abyss, Renounce Religion


You were on level 1 of the Dungeon.
You worshipped Lugonu.
Lugonu was aware of your devotion.
You were not hungry.

You visited 1 branch of the dungeon, and saw 1 of its levels.
You visited the Abyss 1 time.

Inventory:

Hand Weapons
 a - a +1 hand axe (weapon)
Missiles
 d - 24 stones (quivered)
Armour
 b - a +0 leather armour (worn)
 g - a +0 scale mail
Scrolls
 f - a scroll of identify {unknown}
Potions
 e - a potion of brilliance {unknown}
Comestibles
 c - 2 rations


   Skills:
 + Level 3.0 Fighting
 * Level 1.9 Axes
 + Level 1.7 Armour
 - Level 0.8 Dodging
 + Level 2.4 Invocations


You couldn't memorise any spells.
You didn't know any spells.
Your spell library was empty.

Dungeon Overview and Level Annotations

Branches:
Dungeon (1/15)

Altars:


Innate Abilities, Weirdness & Mutations

You are frail. (-10% HP)


Message History

A goblin comes into view.
The goblin shouts!
The gnoll misses you.
You closely miss the gnoll. The gnoll hits you with a whip.
You hit the gnoll.
The gnoll is heavily wounded.
The gnoll barely misses you. The gnoll hits you with a whip.
You are too injured to fight recklessly!
You are too injured to fight recklessly!
You are too injured to fight recklessly!
You are too injured to fight recklessly!
You hit the gnoll.
The gnoll is heavily wounded.
The gnoll hits you with a whip.
* * * LOW HITPOINT WARNING * * *
You barely miss the gnoll.
The gnoll is heavily wounded.
The gnoll hits you with a whip!
Ouch! That really hurt!
You die...

## ##.## # #.# # #.# #
##'## # ##...## ##
##.....## .##
##.......## ##
..####.........####...##
.....'.........'@gg.....
..####.........####...##
.## #.........# #.. ##
#..#####..# #..#($s#..#
#..#[!!#..# #..#()$#..#
#..#####..#


You could see a gnoll, a giant cockroach and a goblin.

Vanquished Creatures
  A giant cockroach (D:1)
1 creature vanquished.

Vanquished Creatures (others)
  4 starspawn tentacles (Abyss:2)
4 creatures vanquished.

Grand Total: 5 creatures vanquished

Notes
Turn   | Place    | Note
-------+----------+-------------------------------------------
     0 | Abyss:1  | Supahsalami the Demonspawn Abyssal Knight began the quest for the Orb.
     0 | Abyss:1  | Reached XP level 1. HP: 18/18 MP: 2/2
    18 | Abyss:2  | Noticed a tentacled starspawn
    18 | Abyss:2  | Noticed a smoke demon
    18 | Abyss:2  | Noticed a neqoxec
    19 | Abyss:2  | Noticed a quasit
    25 | Abyss:2  | Noticed an iron imp
    28 | Abyss:2  | Gained mutation: You are frail. (-10% HP) [a neqoxec]
    36 | D:1      | Escaped the Abyss
   312 | D:1      | Mangled by a gnoll

Vault maps used:
D:1:      dpeg_arrival_brainrot, due_unseen_surprise
Abyss:2:  hangedman_abyss_or_decor_clamps

Action                   || total
-------------------------++-------
Melee: Hand axe          ||     9
Armor: Leather armour    ||     2
Dodge: Dodged            ||     8

Table legend:
 A = Spawn XP
 B = Non-spawn XP
 C = Spawn XP percentage of total XP
 D = Spawn monster count
 E = Non-spawn monster count
 F = Spawn count percentage of total count
 G = Total turns spent on level
                    A         B        C        D         E        F      G
               +---------+---------+-------+---------+---------+-------+---------
         Total |       0 |       2 |   0.0 |       0 |       1 |   0.0 |   312
               +---------+---------+-------+---------+---------+-------+---------
           D:1 |       0 |       2 |   0.0 |       0 |       1 |   0.0 |   276
               +---------+---------+-------+---------+---------+-------+---------
